TOP OF THE 1ST |
Evanston Elitists batting - Pitching for Manhatten Meatheads : RHP Diego Martínez
|
Pitching: RHP Diego Martínez
|
|
Batting: RHB Cristóbal Calderón
|
0-0: Foul Ball, location: 2F 0-1: Called Strike 0-2: Ball 1-2: Strikes out swinging
|
Batting: RHB Jaime Aguirre
|
0-0: Ball 1-0: Swinging Strike 1-1: Ball 2-1: Ball 3-1: Foul Ball, location: 2F 3-2: Strikes out swinging
|
Batting: RHB Chris Barker
|
0-0: Ground out U3 (Groundball, 3S)
|
Top of the 1st over - 0 runs, 0 hits, 0 errors, 0 left on base; Evanston 0 - Manhatten 0 |
BOTTOM OF THE 1ST |
Manhatten Meatheads batting - Pitching for Evanston Elitists : RHP Joel Cobb
|
Pitching: RHP Joel Cobb
|
|
Batting: LHB Wayne Rogers
|
0-0: Ball 1-0: Called Strike 1-1: Swinging Strike 1-2: Ball 2-2: Strikes out looking
|
Batting: LHB Geoff May
|
0-0: Ball 1-0: Fly out, F5 (Popup, 5S)
|
Batting: RHB Roberto Rodríguez
|
0-0: Ball 1-0: Ground out 6-3 (Groundball, 6)
|
Bottom of the 1st over - 0 runs, 0 hits, 0 errors, 0 left on base; Evanston 0 - Manhatten 0 |
TOP OF THE 2ND |
Evanston Elitists batting - Pitching for Manhatten Meatheads : RHP Diego Martínez
|
Batting: LHB Jean-Sébastien Beaudin
|
0-0: Ball 1-0: Ground out 4-3 (Groundball, 34D)
|
Batting: RHB Mike Harris
|
0-0: Ball 1-0: Ball 2-0: Foul Ball, location: 2F 2-1: Foul Ball, location: 2F 2-2: Ball 3-2: Foul Ball, location: 2F 3-2: Strikes out looking
|
Batting: SHB Claas van der Kuijl
|
0-0: Ball 1-0: Called Strike 1-1: Ball 2-1: Called Strike 2-2: Foul Ball, location: 2F 2-2: Ball 3-2: Base on Balls
|
Batting: SHB Doug Thompson
|
0-0: Called Strike Claas van der Kuijl is caught stealing 2nd base
|
Top of the 2nd over - 0 runs, 0 hits, 0 errors, 0 left on base; Evanston 0 - Manhatten 0 |
BOTTOM OF THE 2ND |
Manhatten Meatheads batting - Pitching for Evanston Elitists : RHP Joel Cobb
|
Batting: RHB Ed Gaston
|
0-0: Ball 1-0: Called Strike 1-1: Called Strike 1-2: Ball 2-2: Ground out 4-3 (Groundball, 4D)
|
Batting: LHB Aaron Scott
|
0-0: Foul Ball, location: 2F 0-1: Foul Ball, location: 2F 0-2: Foul Ball, location: 2F 0-2: SINGLE (Groundball, 5D)
|
Batting: RHB Paul French
|
0-0: Ball 1-0: Swinging Strike 1-1: SINGLE (Groundball, 34D) Aaron Scott to second
|
Pitching: RHP Bob Allen
|
|
Batting: RHB Wayne Hanson
|
0-0: Ball 1-0: Ball 2-0: Called Strike 2-1: SINGLE (Groundball, 34D) Aaron Scott to third Paul French to second
|
Batting: LHB Justin Tubridy
|
0-0: Ball 1-0: Ball 2-0: Fly out, F4 (Popup, 34S)
|
Batting: RHB Juan Blanco
|
0-0: Called Strike 0-1: Swinging Strike 0-2: Ball 1-2: Ball 2-2: Hit by Pitch Aaron Scott scores Paul French to third Wayne Hanson to second
|
Batting: LHB Wayne Rogers
|
0-0: Fielders Choice at 2nd, 5-4 (Groundball, 56)
|
Bottom of the 2nd over - 1 run, 3 hits, 0 errors, 3 left on base; Evanston 0 - Manhatten 1 |
TOP OF THE 3RD |
Evanston Elitists batting - Pitching for Manhatten Meatheads : RHP Diego Martínez
|
Batting: SHB Doug Thompson
|
0-0: Ball 1-0: Ball 2-0: Swinging Strike 2-1: Swinging Strike 2-2: Strikes out looking
|
Batting: RHB Billy Gray
|
0-0: Ball 1-0: Swinging Strike 1-1: Ball 2-1: Swinging Strike 2-2: Ground out 5-3 (Groundball, 56)
|
Batting: RHB Bruce Adams
|
0-0: Swinging Strike 0-1: Foul Ball, location: 2F 0-2: Strikes out swinging
|
Top of the 3rd over - 0 runs, 0 hits, 0 errors, 0 left on base; Evanston 0 - Manhatten 1 |
BOTTOM OF THE 3RD |
Manhatten Meatheads batting - Pitching for Evanston Elitists : RHP Bob Allen
|
Batting: LHB Geoff May
|
0-0: Ball 1-0: Ball 2-0: Ball 3-0: Base on Balls
|
Batting: RHB Roberto Rodríguez
|
0-0: Swinging Strike 0-1: Swinging Strike 0-2: Grounds into double play, 6-4-3 (Groundball, 6)
|
Batting: RHB Ed Gaston
|
0-0: Ground out U3 (Groundball, 3)
|
Bottom of the 3rd over - 0 runs, 0 hits, 0 errors, 0 left on base; Evanston 0 - Manhatten 1 |
TOP OF THE 4TH |
Evanston Elitists batting - Pitching for Manhatten Meatheads : RHP Diego Martínez
|
Batting: RHB Cristóbal Calderón
|
0-0: Foul Ball, location: 2F 0-1: Swinging Strike 0-2: Strikes out swinging
|
Batting: RHB Jaime Aguirre
|
0-0: Called Strike 0-1: Swinging Strike 0-2: Strikes out looking
|
Batting: RHB Chris Barker
|
0-0: Ball 1-0: Swinging Strike 1-1: SINGLE (Line Drive, 4D)
|
Batting: LHB Jean-Sébastien Beaudin
|
0-0: Ball 1-0: Ball 2-0: Ball 3-0: Base on Balls Chris Barker to second
|
Batting: RHB Mike Harris
|
0-0: Swinging Strike 0-1: Called Strike 0-2: Ball 1-2: Ball 2-2: Foul Ball, location: 2F 2-2: Strikes out looking
|
Top of the 4th over - 0 runs, 1 hit, 0 errors, 2 left on base; Evanston 0 - Manhatten 1 |
BOTTOM OF THE 4TH |
Manhatten Meatheads batting - Pitching for Evanston Elitists : RHP Bob Allen
|
Batting: LHB Aaron Scott
|
0-0: SOLO HOME RUN (Flyball, 9LD), Distance : 331 ft
|
Batting: RHB Paul French
|
0-0: Ball 1-0: Foul Ball, location: 2F 1-1: Hit by Pitch
|
Batting: RHB Wayne Hanson
|
0-0: Swinging Strike 0-1: Ball 1-1: Ball 2-1: Foul Ball, location: 2F 2-2: Ball 3-2: Foul Ball, location: 2F 3-2: Base on Balls Paul French to second
|
Batting: LHB Justin Tubridy
|
0-0: Foul Ball, location: 2F 0-1: Called Strike 0-2: Ball 1-2: Ball 2-2: Ground out 6-3 (Groundball, 6MS) Paul French to third Wayne Hanson to second
|
Batting: RHB Juan Blanco
|
0-0: Called Strike 0-1: Swinging Strike 0-2: Ball 1-2: Ground out 3-1 (Groundball, 34) Paul French scores Wayne Hanson to third
|
Batting: LHB Wayne Rogers
|
0-0: Called Strike 0-1: Ball 1-1: Foul Ball, location: 2F 1-2: Foul Ball, location: 2F 1-2: Ball 2-2: Ball 3-2: Foul Ball, location: 2F 3-2: SINGLE (Groundball, 4MD) Wayne Hanson scores
|
Batting: LHB Geoff May
|
0-0: Ball 1-0: Ball 2-0: Foul Ball, location: 2F 2-1: SINGLE (Groundball, 4D) Wayne Rogers to second Runner from 2nd tries for 3rd, SAFE, no throw
|
Pitching: RHP Claudio Madrigal
|
|
Batting: RHB Roberto Rodríguez
|
0-0: Ground out 6-3 (Groundball, 6S)
|
Bottom of the 4th over - 3 runs, 3 hits, 0 errors, 2 left on base; Evanston 0 - Manhatten 4 |
TOP OF THE 5TH |
Evanston Elitists batting - Pitching for Manhatten Meatheads : RHP Diego Martínez
|
Batting: SHB Claas van der Kuijl
|
0-0: Swinging Strike 0-1: Swinging Strike 0-2: Foul Ball, location: 2F 0-2: Ball 1-2: Ball 2-2: Strikes out looking
|
Batting: SHB Doug Thompson
|
0-0: Ball 1-0: Called Strike 1-1: Foul Ball, location: 2F 1-2: Strikes out swinging
|
Batting: RHB Billy Gray
|
0-0: Foul Ball, location: 2F 0-1: Ball 1-1: Swinging Strike 1-2: Strikes out looking
|
Top of the 5th over - 0 runs, 0 hits, 0 errors, 0 left on base; Evanston 0 - Manhatten 4 |
BOTTOM OF THE 5TH |
Manhatten Meatheads batting - Pitching for Evanston Elitists : RHP Claudio Madrigal
|
Batting: RHB Ed Gaston
|
0-0: Called Strike 0-1: Foul Ball, location: 2F 0-2: Strikes out swinging
|
Batting: LHB Aaron Scott
|
0-0: Ball 1-0: Ball 2-0: Ball 3-0: Called Strike 3-1: Foul Ball, location: 2F 3-2: Base on Balls
|
Batting: RHB Paul French
|
0-0: Ball 1-0: Reached on error, E8 (Flyball, 8RS) Aaron Scott to second
|
Batting: RHB Wayne Hanson
|
0-0: Fly out, F9 (Flyball, 89S)
|
Batting: LHB Justin Tubridy
|
0-0: Ball 1-0: Ground out U3 (Groundball, 3)
|
Bottom of the 5th over - 0 runs, 0 hits, 1 error, 2 left on base; Evanston 0 - Manhatten 4 |
TOP OF THE 6TH |
Evanston Elitists batting - Pitching for Manhatten Meatheads : RHP Diego Martínez
|
Batting: RHB Bruce Adams
|
0-0: Ball 1-0: Foul Ball, location: 2F 1-1: Ball 2-1: Ball 3-1: Called Strike 3-2: Strikes out swinging
|
Batting: RHB Cristóbal Calderón
|
0-0: Called Strike 0-1: Swinging Strike 0-2: Ball 1-2: Strikes out swinging
|
Batting: RHB Jaime Aguirre
|
0-0: Called Strike 0-1: Foul Ball, location: 2F 0-2: Ball 1-2: SINGLE (Groundball, 34D)
|
Batting: RHB Chris Barker
|
0-0: Ball 1-0: Ball 2-0: Ball 3-0: Called Strike 3-1: Swinging Strike 3-2: Foul Ball, location: 2F 3-2: DOUBLE (Line Drive, 7LM) Jaime Aguirre to third Jaime Aguirre scores
|
Pitching: RHP José Ríos
|
|
Batting: LHB Jean-Sébastien Beaudin
|
0-0: Called Strike 0-1: Swinging Strike 0-2: Strikes out swinging
|
Top of the 6th over - 1 run, 2 hits, 0 errors, 1 left on base; Evanston 1 - Manhatten 4 |
BOTTOM OF THE 6TH |
Manhatten Meatheads batting - Pitching for Evanston Elitists : RHP Claudio Madrigal
|
Batting: RHB Juan Blanco
|
0-0: Ball 1-0: Ball 2-0: Ball 3-0: Called Strike 3-1: Called Strike 3-2: Foul Ball, location: 2F 3-2: Base on Balls
|
Batting: LHB Wayne Rogers
|
0-0: Called Strike 0-1: Swinging Strike 0-2: Ball 1-2: DOUBLE (Flyball, 9LD) Juan Blanco to third Runner from 3rd tries for Home, SAFE, no throw
|
Batting: LHB Geoff May
|
0-0: Ball 1-0: Ball 2-0: SINGLE (Line Drive, 8LS) Wayne Rogers to third Runner from 3rd tries for Home, SAFE, no throw
|
Batting: RHB Roberto Rodríguez
|
0-0: Ball 1-0: Ball 2-0: Grounds into double play, 5-4-3 (Groundball, 5)
|
Batting: RHB Ed Gaston
|
0-0: Called Strike 0-1: Ball 1-1: SINGLE (Flyball, 78M)
|
Batting: LHB Aaron Scott
|
0-0: Hit by Pitch Ed Gaston to second
|
Batting: RHB Paul French
|
0-0: Foul Ball, location: 2F 0-1: Ball 1-1: SINGLE (Line Drive, 78S) Ed Gaston to third Aaron Scott to second
|
Batting: RHB Wayne Hanson
|
0-0: Ball 1-0: Ball 2-0: Ball 3-0: Base on Balls Ed Gaston scores Aaron Scott to third Paul French to second
|
Batting: LHB Justin Tubridy
|
0-0: Ball 1-0: Ball 2-0: Ball 3-0: Base on Balls Aaron Scott scores Paul French to third Wayne Hanson to second
|
Batting: RHB Juan Blanco
|
0-0: DOUBLE (Flyball, 89D) Paul French scores Wayne Hanson scores Justin Tubridy to third Runner from 3rd tries for Home, SAFE, no throw
|
Batting: LHB Wayne Rogers
|
0-0: Ball 1-0: Swinging Strike 1-1: Ball 2-1: Ball 3-1: Foul Ball, location: 2F 3-2: Base on Balls
|
Batting: LHB Geoff May
|
0-0: Ball 1-0: Ball 2-0: Ball 3-0: Called Strike 3-1: Swinging Strike 3-2: Base on Balls Juan Blanco to third Wayne Rogers to second
|
Batting: RHB Roberto Rodríguez
|
0-0: Ball 1-0: Called Strike 1-1: Ball 2-1: Fly out, F8 (Flyball, 8RD)
|
Bottom of the 6th over - 7 runs, 5 hits, 0 errors, 3 left on base; Evanston 1 - Manhatten 11 |
TOP OF THE 7TH |
Evanston Elitists batting - Pitching for Manhatten Meatheads : RHP José Ríos
|
Batting: RHB Mike Harris
|
0-0: Called Strike 0-1: Foul Ball, location: 2F 0-2: Ball 1-2: Foul Ball, location: 2F 1-2: Strikes out swinging
|
Batting: SHB Claas van der Kuijl
|
0-0: Swinging Strike 0-1: Ball 1-1: Ball 2-1: Ball 3-1: Foul Ball, location: 2F 3-2: Foul Ball, location: 2F 3-2: Foul Ball, location: 2F 3-2: Strikes out swinging
|
Batting: SHB Doug Thompson
|
0-0: Foul Ball, location: 2F 0-1: Swinging Strike 0-2: Ball 1-2: SINGLE (Groundball, 4) (infield hit)
|
Batting: RHB Billy Gray
|
0-0: Called Strike Doug Thompson is caught stealing 2nd base
|
Top of the 7th over - 0 runs, 1 hit, 0 errors, 0 left on base; Evanston 1 - Manhatten 11 |
BOTTOM OF THE 7TH |
Manhatten Meatheads batting - Pitching for Evanston Elitists : RHP Claudio Madrigal
|
Pitching: RHP José Chávez
|
|
Batting: RHB Ed Gaston
|
0-0: Ball 1-0: Ground out U3 (Groundball, 34)
|
Batting: LHB Aaron Scott
|
0-0: Foul Ball, location: 2F 0-1: Ground out 6-3 (Groundball, 6)
|
Batting: RHB Paul French
|
0-0: Called Strike 0-1: Ball 1-1: SINGLE (Groundball, 6MD)
|
Batting: RHB Wayne Hanson
|
0-0: Called Strike 0-1: Ball 1-1: Called Strike 1-2: Ball 2-2: Ball 3-2: Base on Balls Paul French to second
|
Batting: LHB Justin Tubridy
|
0-0: Called Strike 0-1: Ball 1-1: Ball 2-1: Ball 3-1: Base on Balls Paul French to third Wayne Hanson to second
|
Batting: RHB Juan Blanco
|
0-0: Ball Wild Pitch! Paul French scores Wayne Hanson to third Justin Tubridy to second 1-0: Ball Wild Pitch! Wayne Hanson scores Justin Tubridy to third 2-0: Ball 3-0: Base on Balls
|
Batting: LHB Wayne Rogers
|
|
Pinch Hitting: RHB Ron McClain
|
0-0: Ball 1-0: Swinging Strike 1-1: SINGLE (Groundball, 56D) Justin Tubridy scores Juan Blanco to second Runner from 2nd tries for 3rd, SAFE, no throw
|
Batting: LHB Geoff May
|
0-0: Foul Ball, location: 2F 0-1: Foul Ball, location: 2F 0-2: Fielders Choice at 2nd, 5-4 (Groundball, 5)
|
Bottom of the 7th over - 3 runs, 2 hits, 0 errors, 2 left on base; Evanston 1 - Manhatten 14 |
TOP OF THE 8TH |
Evanston Elitists batting - Pitching for Manhatten Meatheads : RHP José Ríos
|
Now in RF: Louis-Alexandre Lévesque
|
|
Batting: RHB Billy Gray
|
0-0: Called Strike 0-1: Ball 1-1: Ball 2-1: Ball 3-1: Called Strike 3-2: Base on Balls
|
Batting: RHB Bruce Adams
|
0-0: SINGLE (Line Drive, 34D) Billy Gray to second Runner from 2nd tries for 3rd, SAFE, throw made to third
|
Batting: RHB Cristóbal Calderón
|
0-0: Ball 1-0: Ball 2-0: Called Strike 2-1: Ball 3-1: Base on Balls Bruce Adams to second
|
Batting: RHB Jaime Aguirre
|
0-0: Foul Ball, location: 2F 0-1: Ball 1-1: Foul Ball, location: 2F 1-2: Strikes out swinging
|
Batting: RHB Chris Barker
|
0-0: Swinging Strike 0-1: Called Strike 0-2: Strikes out swinging
|
Batting: LHB Jean-Sébastien Beaudin
|
0-0: Swinging Strike 0-1: Foul Ball, location: 2F 0-2: Strikes out looking
|
Top of the 8th over - 0 runs, 1 hit, 0 errors, 3 left on base; Evanston 1 - Manhatten 14 |
BOTTOM OF THE 8TH |
Manhatten Meatheads batting - Pitching for Evanston Elitists : RHP José Chávez
|
Batting: RHB Roberto Rodríguez
|
0-0: Ball 1-0: Swinging Strike 1-1: Ball 2-1: Swinging Strike 2-2: Ground out 4-3 (Groundball, 4)
|
Batting: RHB Ed Gaston
|
0-0: Foul Ball, location: 2F 0-1: Foul Ball, location: 2F 0-2: Foul Ball, location: 2F 0-2: Foul Ball, location: 2F 0-2: Ground out 6-3 (Groundball, 6)
|
Batting: LHB Aaron Scott
|
0-0: Called Strike 0-1: Ground out 4-3 (Groundball, 4)
|
Bottom of the 8th over - 0 runs, 0 hits, 0 errors, 0 left on base; Evanston 1 - Manhatten 14 |
|